 Dungeon Crawl Stone Soup version 0.29.1-1-gd02db6906a (webtiles) character file.

Game seed: 14636580174861208720

520 Demigod47 the Cudgeller (level 7, -1/60 HPs)
             Began as a Minotaur Fighter on Oct 18, 2022.
             Was an Initiate of Okawaru.
             Slain by Pikel
             ... wielding a +1 whip of electrocution
              (18 damage)
             ... on level 5 of the Dungeon on Oct 19, 2022.
             The game lasted 00:05:05 (3591 turns).

Demigod47 the Cudgeller (Minotaur Fighter)          Turns: 3591, Time: 00:05:06

Health: -1/60      AC: 13    Str: 23    XL:     7   Next: 1%
Magic:  6/6        EV:  8    Int:  5    God:    Okawaru [......]
Gold:   262        SH:  0    Dex:  9    Spells: 6/6 levels left

rFire   . . .      SeeInvis +   h - +4 flail (holy)
rCold   . . .      Faith    .   c - +0 buckler
rNeg    . . .      Spirit   .   v - +0 chain mail
rPois   .          Reflect  +   (helmet restricted)
rElec   .          Harm     .   t - +0 cloak
rCorr   +          Rampage  .   q - +0 pair of gloves
Will    .....                   f - +0 pair of boots
Stlth   ..........              m - amulet of reflection
HPRegen 0.20/turn               i - ring of resist corrosion
MPRegen 0.10/turn               p - ring of see invisible

@: confused, lethally poisoned (-1 -> -9), weakened
A: horns 2, retaliatory headbutt
a: Renounce Religion


You were on level 5 of the Dungeon.
You worshipped Okawaru.
Okawaru was noncommittal.
You visited 2 branches of the dungeon, and saw 6 of its levels.

You collected 262 gold pieces.

Inventory:

Hand Weapons
 a - a +0 flail
 h - a +4 flail of holy wrath (weapon)
Armour
 b - a +0 scale mail
 c - a +0 buckler (worn)
 f - a +0 pair of boots (worn)
 q - a +0 pair of gloves (worn)
 t - a +0 cloak (worn)
 v - a +0 chain mail (worn)
Jewellery
 g - a ring of wizardry
 i - a ring of resist corrosion (left hand)
 m - an amulet of reflection (around neck)
 p - a ring of see invisible (right hand)
Scrolls
 j - a scroll of poison {unknown}
 k - 2 scrolls of immolation
 l - a scroll of enchant armour
 n - a scroll of vulnerability
 o - a scroll of noise {unknown}
 r - a scroll of teleportation {unknown}
 s - a scroll of identify
 u - a scroll of butterflies {unknown}
Potions
 d - a potion of might
 e - 2 potions of haste


   Skills:
 + Level 4.7 Fighting
 * Level 6.6 Maces & Flails
 + Level 5.4 Armour
 + Level 0.9 Dodging
 + Level 0.4 Stealth
 + Level 4.8 Shields


You had 6 spell levels left.
You didn't know any spells.
Your spell library was empty.

Dungeon Overview and Level Annotations

Branches:
Dungeon (5/15)             Temple (1/1) D:4

Altars:
Ashenzari
Cheibriados
Dithmenos
Elyvilon
Fedhas
Gozag
Hepliaklqana
Kikubaaqudgha
Makhleb
Nemelex Xobeh
Okawaru
Qazlal
Ru
Sif Muna
Trog
Uskayaw
Vehumet
Xom
Yredelemnul
Zin
The Shining One

Annotations:
D:5 Pikel


Innate Abilities, Weirdness & Mutations

You have a pair of horns on your head.
You reflexively headbutt those who attack you in melee.


Message History

Pikel is severely wounded.
The lemure hits you.
The gnoll bouda gazes fiercely through you!
You feel your attacks grow feeble.
Pikel hits you with a +1 whip of electrocution.
The lemure closely misses you. You block the lemure's attack.
You hit Pikel but do no damage. You headbutt Pikel.
Pikel is severely wounded.
The lemure closely misses you.
The gnoll hits you from afar with a +0 spear.
A gnoll comes into view. It is wielding a +0 club.
Pikel hits you but does no damage.
You are electrocuted!
The lemure completely misses you. The lemure barely misses you.
You furiously retaliate!
You headbutt the lemure! You closely miss Pikel.
Pikel is severely wounded.
The gnoll shouts!
You hear a shout!
You block the lemure's attack. You block the gnoll's attack.
Pikel hits you but does no damage. You block the lemure's attack. x2
You barely miss Pikel. You headbutt Pikel, but do no damage.
Pikel is severely wounded.
The lemure hits you but does no damage. The gnoll barely misses you.
Pikel zaps a wand.
Your will is overpowered!
You are confused.
The lemure hits you but does no damage.
The gnoll bouda gazes fiercely through you!
You feel as though you will be weak longer.
The lemure barely misses you. The lemure hits you.
The lemure completely misses you. Pikel hits you but does no damage.
The gnoll hits you but does no damage. The lemure hits you but does no damage.
You closely miss Pikel. Your headbutt misses Pikel.
Pikel is severely wounded.
The gnoll hits you but does no damage.
You are poisoned.
The lemure hits you but does no damage. x2; The lemure hits you.
The gnoll hits you but does no damage.
Pikel hits you with a +1 whip of electrocution.
* * * LOW HITPOINT WARNING * * *
You are electrocuted!!
You die...

.# .. .##...... . ###.
.##.###........ .###...
................
#.#...###...# ..........
......##...####.........
#..............gYggg....
#............#.5K55..#
##.....<.....#..@5gg.#
.......####.....##w###
.........#......# #
...<....###....####
##.............#..##
#.................#
#.......#.........#
....######.##....###
.... ###....##


You could see Pikel, an ice beast, 4 lemures, a gnoll bouda, 5 gnolls and a dart
slug.

Vanquished Creatures
  Grinder (D:3)
  Edmund (D:4)
  An orc priest (D:4)
  A hound (D:4)
  Crazy Yiuf (D:4)
  6 adders
  A river rat (D:3)
  4 worms
  3 dart slugs
  4 orcs (D:4)
  4 ball pythons
  3 bats (D:3)
  4 endoplasms
  3 giant cockroaches
  7 goblins
  4 hobgoblins
  3 kobolds
  2 quokkas
  4 frilled lizards
  2 rats
59 creatures vanquished.

Vanquished Creatures (others)
  7 plants (D:4)
7 creatures vanquished.

Grand Total: 66 creatures vanquished

Notes
Turn   | Place    | Note
-------+----------+-------------------------------------------
     0 | D:1      | Demigod47 the Minotaur Fighter began the quest for the Orb.
     0 | D:1      | Reached XP level 1. HP: 19/19 MP: 0/0
   283 | D:1      | Reached XP level 2. HP: 24/27 MP: 1/1
   697 | D:2      | Reached XP level 3. HP: 33/33 MP: 2/2
   726 | D:2      | Reached skill level 3 in Maces & Flails
  1169 | D:3      | Reached XP level 4. HP: 26/40 MP: 3/3
  1377 | D:3      | Found a faded altar of an unknown god.
  1431 | D:3      | Found a glowing drain.
  1918 | D:3      | Noticed Grinder
  1926 | D:3      | Paralysed by Grinder for 4 turns
  1935 | D:3      | Killed Grinder
  1936 | D:3      | Reached skill level 5 in Maces & Flails
  1936 | D:3      | Reached skill level 5 in Armour
  1936 | D:3      | Reached XP level 5. HP: 14/47 MP: 4/4
  1936 | D:3      | Reached XP level 6. HP: 15/53 MP: 5/5
  2420 | D:4      | Noticed Edmund
  2440 | D:4      | HP: 2/53 [Edmund/+4 flail of holy wrath (4)]
  2441 | D:4      | Killed Edmund
  2442 | D:4      | Reached skill level 6 in Maces & Flails
  2813 | D:4      | Found a staircase to the Ecumenical Temple.
  2826 | Temple   | Entered the Ecumenical Temple
  3029 | Temple   | Became a worshipper of Warmaster Okawaru
  3386 | D:4      | Found a runed translucent door.
  3387 | D:4      | Noticed Crazy Yiuf
  3491 | D:4      | Killed Crazy Yiuf
  3492 | D:4      | Reached XP level 7. HP: 56/60 MP: 6/6
  3544 | D:5      | Entered Level 5 of the Dungeon
  3578 | D:5      | Noticed Pikel
  3591 | D:5      | Slain by Pikel

Illustrated notes

Levels and vault maps discovered:
D:1:      dpeg_arrival_castle, layout_basic, chequers_serial_rivers_micro_b
D:2:      layout_basic
D:3:      layout_loops_cross, dreamdust_ecumenical_altar_hidden_monk_grotto,
          cheibrodos_sewer_entry_sluice, skrybe_limestone_x, uniq_grinder
D:4:      layout_rooms, minmay_temple_entry_gardened_gates, uniq_edmund,
          uniq_crazy_yiuf_cottage
D:5:      layout_cave_pools, item_on_display_a, uniq_pikel
Temple:   mainiacjoe_temple_starburst

Skill      XL: |  1  2  3  4  5  6 |
---------------+-------------------+-----
Shields        | 4 |  4.8
Armour         | 4 5 |  5.4
Fighting       | 4 |  4.7
Maces & Flails | 3 5 6 |  6.6
Dodging        | |  0.9
Stealth        | |  0.4

Action                   |  1- 3 |  4- 6 |  7- 9 || total
-------------------------+-------+-------+-------++-------
Melee: Flail             |    73 |   107 |     8 ||   188
       Headbutt          |     9 |    16 |     2 ||    27
  Use: Scroll            |       |     4 |       ||     4
       Potion            |       |     4 |       ||     4
Armor: Scale mail        |    44 |    39 |       ||    83
       Chain mail        |       |       |    15 ||    15
Dodge: Dodged            |    43 |    37 |     7 ||    87
Block: Buckler           |    20 |    48 |    10 ||    78
